 Dungeon Crawl Stone Soup version 0.20.1-1-g8b1a95d (webtiles) character file.

653 HuneSparrow the Slasher (level 7, -6/55 HPs)
             Began as a Demonspawn Fighter on July 31, 2017.
             Mangled by Duvessa
             ... wielding a +8 short sword of holy wrath
              (9 damage)
             ... on level 4 of the Dungeon.
             The game lasted 00:08:56 (3218 turns).

HuneSparrow the Slasher (Demonspawn Fighter)        Turns: 3218, Time: 00:08:56

Health: -6/55      AC:  8    Str: 18 (19) XL:     7   Next: 29%
Magic:  7/7        EV:  7    Int:  9      God:
Gold:   213        SH: 15    Dex: 11 (12) Spells: 6/6 levels left

rFire    . . .     SeeInvis .   a - +0 long sword
rCold    + . .     Gourm    .   c - +0 shield
rNeg     . . .     Faith    .   b - +0 scale mail
rPois    .         Spirit   .   (helmet restricted)
rElec    .         Reflect  .   s - +0 cloak
rCorr    .         Harm     .   (no gloves)
MR       .....                  (no boots)
Stlth    ..........             (no amulet)
Regen    0.2/turn               (no ring)
MPRegen  0.1/turn               (no ring)

@: no status effects
A: hooves 1, horns 1, large bone plates 2, blurry vision 1, cold resistance 1,
deterioration 1, freezing cloud immunity
a: no special abilities


You were on level 4 of the Dungeon.
You were very hungry.

You visited 1 branch of the dungeon, and saw 4 of its levels.

You collected 213 gold pieces.

Inventory:

Hand Weapons
 a - a +0 long sword (weapon)
Armour
 b - a +0 scale mail (worn)
 c - a +0 shield (worn)
 s - a +0 cloak (worn)
Scrolls
 e - 4 scrolls of magic mapping
 i - a scroll of enchant weapon {unknown}
 k - 3 scrolls of remove curse
 n - a scroll of enchant armour {unknown}
 p - a scroll of teleportation
Potions
 h - a potion of brilliance {unknown}
 m - a potion of haste
 o - 2 potions of curing
 t - a potion of agility
Comestibles
 f - 6 bread rations
 g - 2 royal jellies
 j - 2 meat rations
 l - 4 fruits


   Skills:
 + Level 4.6 Fighting
 * Level 4.8 Long Blades
 + Level 4.1 Armour
 + Level 4.2 Shields


You had 6 spell levels left.
You didn't know any spells.

Dungeon Overview and Level Annotations

Branches:
Dungeon (4/15)
 Temple: D:4-7

Altars:

Annotations:
D:4 Duvessa


Innate Abilities, Weirdness & Mutations

You have large cloven feet.
You are mostly covered in large bone plates. (SH +6)
Your flesh is cold resistant. (rC+)
You are immune to freezing clouds.
You have a pair of small horns on your head.
Scrolls take you a little longer to read.
Your body sometimes deteriorates upon taking damage.


Message History

You convulse!
Your shield prevents you from hitting Duvessa.
Your kick misses Duvessa.
Duvessa is lightly wounded.
Duvessa hits you with a short sword of holy wrath!
Your body deteriorates!
You feel weakened.
You convulse!
* * * LOW HITPOINT WARNING * * *
You block Duvessa's attack.
You closely miss Duvessa. Your headbutt misses Duvessa.
Duvessa is lightly wounded.
Duvessa hits you with a short sword of holy wrath.
* * * LOW HITPOINT WARNING * * *
You convulse.
* * * LOW HITPOINT WARNING * * *
You block Duvessa's attack.
You hit Duvessa but do no damage. You kick Duvessa, but do no damage.
Duvessa is lightly wounded.
Duvessa hits you with a short sword of holy wrath!
You die...

#. ##. ###..##
....... #.....
###....## .......e#
#..#.@# #.....#
##.##.# #.##)#
#.###.##.#
#........#
#######.####
#...###.####
...........########


You could see Duvessa (berserk).

Vanquished Creatures
  Sigmund (D:3)
  Edmund (D:4)
  Dowan (D:4)
  2 orc priests (D:4)
  3 orc wizards (D:4)
  A hound (D:4)
  Terence (D:2)
  5 adders
  An adder skeleton (D:4)
  2 worms
  A dart slug (D:1)
  2 leopard geckos
  7 orcs
  2 ball pythons
  6 giant cockroaches
  5 goblins
  7 hobgoblins
  4 jackals (D:3)
  2 quokkas
  7 bats
  4 frilled lizards
  8 kobolds
  13 rats
86 creatures vanquished.

Notes
Turn   | Place    | Note
-------+----------+-------------------------------------------
     0 | D:1      | HuneSparrow the Demonspawn Fighter began the quest for the Orb.
     0 | D:1      | Reached XP level 1. HP: 18/18 MP: 1/1
   125 | D:1      | Gained mutation: Your flesh is cold resistant. (rC+) [demonic ancestry]
   125 | D:1      | Reached XP level 2. HP: 21/24 MP: 2/2
   879 | D:2      | Gained mutation: You are immune to freezing clouds. [demonic ancestry]
   879 | D:2      | Reached XP level 3. HP: 15/29 MP: 3/3
  1406 | D:2      | Noticed Terence
  1428 | D:2      | Killed Terence
  1428 | D:2      | Gained mutation: You have large cloven feet. [demonic ancestry]
  1428 | D:2      | Reached XP level 4. HP: 31/36 MP: 4/4
  1739 | D:3      | Found a faded altar of an unknown god.
  2090 | D:3      | Noticed Sigmund
  2147 | D:3      | Killed Sigmund
  2147 | D:3      | Gained mutation: You are partially covered in large bone plates. (SH +4) [demonic ancestry]
  2147 | D:3      | Reached XP level 5. HP: 29/42 MP: 5/5
  2147 | D:3      | Reached XP level 6. HP: 34/48 MP: 6/6
  2500 | D:3      | Gained mutation: Your spells are a little harder to cast, but a little more powerful. [potion of mutation]
  2500 | D:3      | Gained mutation: You are weak. (Str -2) [potion of mutation]
  2500 | D:3      | Gained mutation: Your mind is acute. (Int +2) [potion of mutation]
  2501 | D:3      | Lost mutation: Your spells are a little harder to cast, but a little more powerful. [potion of mutation]
  2501 | D:3      | Lost mutation: Your mind is acute. (Int +2) [potion of mutation]
  2501 | D:3      | Lost mutation: You are weak. (Str -2) [potion of mutation]
  2501 | D:3      | Gained mutation: Your body sometimes deteriorates upon taking damage. [potion of mutation]
  2501 | D:3      | Gained mutation: Scrolls take you a little longer to read. [potion of mutation]
  2501 | D:3      | Gained mutation: You have a pair of small horns on your head. [potion of mutation]
  2531 | D:4      | Noticed Edmund
  2554 | D:4      | Killed Edmund
  2765 | D:4      | Gained mutation: You are mostly covered in large bone plates. (SH +6) [demonic ancestry]
  2765 | D:4      | Reached XP level 7. HP: 24/55 MP: 7/7
  3192 | D:4      | Noticed Dowan
  3210 | D:4      | Killed Dowan
  3212 | D:4      | Noticed Duvessa
  3218 | D:4      | Mangled by Duvessa

Skill      XL: |  1  2  3  4  5  6  7 |
---------------+----------------------+-----
Long Blades    | 2 3 4 |  4.8
Shields        | 3 4 |  4.2
Armour         | 3 4 |  4.1
Fighting       | 4 |  4.6

Action                   |  1- 3 |  4- 6 |  7- 9 || total
-------------------------+-------+-------+-------++-------
Melee: Long sword        |   147 |   137 |    45 ||   329
       Kick              |       |    46 |    13 ||    59
       Headbutt          |       |     4 |     9 ||    13
  Use: Scroll            |       |     5 |       ||     5
       Potion            |       |     4 |       ||     4
  Eat: Chunk             |     2 |     4 |     1 ||     7
Armor: Scale mail        |    68 |    57 |     6 ||   131
Dodge: Dodged            |    31 |    34 |    12 ||    77
Block: Shield            |    67 |    76 |    33 ||   176
       Rpst.: Long sword |    10 |    11 |     1 ||    22
